Workbook

Sheet Resumo
A1: Painel de indicadores financeiros da congregação
A2: Competência analisada | B2: ='Configuração'!B2
A3: Data de corte | B3: ='Configuração'!B3
A4: Liquidez | D4: Execução orçamentária | G4: Concentração e alertas
A5: Saldo anterior | B5: =IF('Configuração'!B4="","",'Configuração'!B4) | D5: Entradas orçadas | E5: =IF($B$2="","",SUMIFS('Orçamento'!$D$2:$D$201,'Orçamento'!$A$2:$A$201,$B$2,'Orçamento'!$B$2:$B$201,"Entrada",'Orçamento'!$F$2:$F$201,"OK")) | G5: Maior participação nas saídas | H5: =IF(OR(B7="",B7<=0),"",MAX($E$16:$E$35))
A6: Entradas realizadas | B6: =IF(OR($B$2="",$B$3="",$B$3<$B$2),"",SUMIFS(Movimentos!$G$2:$G$501,Movimentos!$B$2:$B$501,">="&$B$2,Movimentos!$B$2:$B$501,"<="&$B$3,Movimentos!$D$2:$D$501,"Entrada",Movimentos!$H$2:$H$501,"OK")) | D6: Execução das entradas | E6: =IF(OR(E5="",E5<=0,B6=""),"",B6/E5) | G6: Categoria com maior participação | H6: =IF(H5="","",IFERROR(INDEX($A$16:$A$35,MATCH(H5,$E$16:$E$35,0)),""))
A7: Saídas realizadas | B7: =IF(OR($B$2="",$B$3="",$B$3<$B$2),"",SUMIFS(Movimentos!$G$2:$G$501,Movimentos!$B$2:$B$501,">="&$B$2,Movimentos!$B$2:$B$501,"<="&$B$3,Movimentos!$D$2:$D$501,"Saída",Movimentos!$H$2:$H$501,"OK")) | D7: Saídas orçadas | E7: =IF($B$2="","",SUMIFS('Orçamento'!$D$2:$D$201,'Orçamento'!$A$2:$A$201,$B$2,'Orçamento'!$B$2:$B$201,"Saída",'Orçamento'!$F$2:$F$201,"OK")) | G7: Limite de concentração | H7: ='Configuração'!B6
A8: Saldo calculado na data de corte | B8: =IF(OR(B5="",B6="",B7=""),"",B5+B6-B7) | D8: Execução das saídas | E8: =IF(OR(E7="",E7<=0,B7=""),"",B7/E7) | G8: Situação da liquidez | H8: =IF(OR(B8="",B9=""),"Dados incompletos",IF(B8<B9,"Abaixo da reserva","Adequada"))
A9: Reserva mínima | B9: =IF('Configuração'!B5="","",'Configuração'!B5) | D9: Desvio das saídas | E9: =IF(OR(E7="",B7=""),"",B7-E7) | G9: Situação do orçamento | H9: =IF(OR(E7="",B7=""),"Dados incompletos",IF(E7=0,IF(B7>0,"Saídas sem orçamento","Sem base"),IF(B7>E7*(1+'Configuração'!B7),"Acima do limite","Dentro do limite")))
A10: Cobertura da reserva | B10: =IF(OR(B8="",B9="",B9<=0),"",B8/B9) | D10: Desvio percentual das saídas | E10: =IF(OR(E7="",E7<=0,B7=""),"",(B7-E7)/E7) | G10: Situação da concentração | H10: =IF(H5="","Sem saídas",IF(H5>H7,"Acima do limite","Dentro do limite"))
A11: Dias de despesas cobertos no ritmo observado | B11: =IF(OR(B8="",B7="",B7<=0,B3<B2),"",B8/(B7/(B3-B2+1))) | D11: Categorias com despesa sem orçamento | E11: =IF(B7="","",COUNTIFS($B$16:$B$35,0,$C$16:$C$35,">0",$A$16:$A$35,"<>")) | G11: Registros para revisar | H11: =COUNTIF(Movimentos!$H$2:$H$501,"Revisar*")+COUNTIF('Orçamento'!$F$2:$F$201,"Revisar*")
A13: Uso interno para apoio administrativo. Não substitui contabilidade, conciliação bancária, prestação de contas oficial ou orientação tributária.
A15: Categoria de saída | B15: Orçado | C15: Realizado | D15: Desvio | E15: Participação
A16: =IF('Configuração'!E2="Saída",'Configuração'!D2,"") | B16: =IF($A16="","",SUMIFS('Orçamento'!$D$2:$D$201,'Orçamento'!$A$2:$A$201,$B$2,'Orçamento'!$B$2:$B$201,"Saída",'Orçamento'!$C$2:$C$201,$A16,'Orçamento'!$F$2:$F$201,"OK")) | C16: =IF($A16="","",SUMIFS(Movimentos!$G$2:$G$501,Movimentos!$B$2:$B$501,">="&$B$2,Movimentos!$B$2:$B$501,"<="&$B$3,Movimentos!$D$2:$D$501,"Saída",Movimentos!$E$2:$E$501,$A16,Movimentos!$H$2:$H$501,"OK")) | D16: =IF($A16="","",$C16-$B16) | E16: =IF(OR($A16="",$B$7="",$B$7<=0),"",$C16/$B$7)
A17: =IF('Configuração'!E3="Saída",'Configuração'!D3,"") | B17: =IF($A17="","",SUMIFS('Orçamento'!$D$2:$D$201,'Orçamento'!$A$2:$A$201,$B$2,'Orçamento'!$B$2:$B$201,"Saída",'Orçamento'!$C$2:$C$201,$A17,'Orçamento'!$F$2:$F$201,"OK")) | C17: =IF($A17="","",SUMIFS(Movimentos!$G$2:$G$501,Movimentos!$B$2:$B$501,">="&$B$2,Movimentos!$B$2:$B$501,"<="&$B$3,Movimentos!$D$2:$D$501,"Saída",Movimentos!$E$2:$E$501,$A17,Movimentos!$H$2:$H$501,"OK")) | D17: =IF($A17="","",$C17-$B17) | E17: =IF(OR($A17="",$B$7="",$B$7<=0),"",$C17/$B$7)
A18: =IF('Configuração'!E4="Saída",'Configuração'!D4,"") | B18: =IF($A18="","",SUMIFS('Orçamento'!$D$2:$D$201,'Orçamento'!$A$2:$A$201,$B$2,'Orçamento'!$B$2:$B$201,"Saída",'Orçamento'!$C$2:$C$201,$A18,'Orçamento'!$F$2:$F$201,"OK")) | C18: =IF($A18="","",SUMIFS(Movimentos!$G$2:$G$501,Movimentos!$B$2:$B$501,">="&$B$2,Movimentos!$B$2:$B$501,"<="&$B$3,Movimentos!$D$2:$D$501,"Saída",Movimentos!$E$2:$E$501,$A18,Movimentos!$H$2:$H$501,"OK")) | D18: =IF($A18="","",$C18-$B18) | E18: =IF(OR($A18="",$B$7="",$B$7<=0),"",$C18/$B$7)
A19: =IF('Configuração'!E5="Saída",'Configuração'!D5,"") | B19: =IF($A19="","",SUMIFS('Orçamento'!$D$2:$D$201,'Orçamento'!$A$2:$A$201,$B$2,'Orçamento'!$B$2:$B$201,"Saída",'Orçamento'!$C$2:$C$201,$A19,'Orçamento'!$F$2:$F$201,"OK")) | C19: =IF($A19="","",SUMIFS(Movimentos!$G$2:$G$501,Movimentos!$B$2:$B$501,">="&$B$2,Movimentos!$B$2:$B$501,"<="&$B$3,Movimentos!$D$2:$D$501,"Saída",Movimentos!$E$2:$E$501,$A19,Movimentos!$H$2:$H$501,"OK")) | D19: =IF($A19="","",$C19-$B19) | E19: =IF(OR($A19="",$B$7="",$B$7<=0),"",$C19/$B$7)
A20: =IF('Configuração'!E6="Saída",'Configuração'!D6,"") | B20: =IF($A20="","",SUMIFS('Orçamento'!$D$2:$D$201,'Orçamento'!$A$2:$A$201,$B$2,'Orçamento'!$B$2:$B$201,"Saída",'Orçamento'!$C$2:$C$201,$A20,'Orçamento'!$F$2:$F$201,"OK")) | C20: =IF($A20="","",SUMIFS(Movimentos!$G$2:$G$501,Movimentos!$B$2:$B$501,">="&$B$2,Movimentos!$B$2:$B$501,"<="&$B$3,Movimentos!$D$2:$D$501,"Saída",Movimentos!$E$2:$E$501,$A20,Movimentos!$H$2:$H$501,"OK")) | D20: =IF($A20="","",$C20-$B20) | E20: =IF(OR($A20="",$B$7="",$B$7<=0),"",$C20/$B$7)
A21: =IF('Configuração'!E7="Saída",'Configuração'!D7,"") | B21: =IF($A21="","",SUMIFS('Orçamento'!$D$2:$D$201,'Orçamento'!$A$2:$A$201,$B$2,'Orçamento'!$B$2:$B$201,"Saída",'Orçamento'!$C$2:$C$201,$A21,'Orçamento'!$F$2:$F$201,"OK")) | C21: =IF($A21="","",SUMIFS(Movimentos!$G$2:$G$501,Movimentos!$B$2:$B$501,">="&$B$2,Movimentos!$B$2:$B$501,"<="&$B$3,Movimentos!$D$2:$D$501,"Saída",Movimentos!$E$2:$E$501,$A21,Movimentos!$H$2:$H$501,"OK")) | D21: =IF($A21="","",$C21-$B21) | E21: =IF(OR($A21="",$B$7="",$B$7<=0),"",$C21/$B$7)
A22: =IF('Configuração'!E8="Saída",'Configuração'!D8,"") | B22: =IF($A22="","",SUMIFS('Orçamento'!$D$2:$D$201,'Orçamento'!$A$2:$A$201,$B$2,'Orçamento'!$B$2:$B$201,"Saída",'Orçamento'!$C$2:$C$201,$A22,'Orçamento'!$F$2:$F$201,"OK")) | C22: =IF($A22="","",SUMIFS(Movimentos!$G$2:$G$501,Movimentos!$B$2:$B$501,">="&$B$2,Movimentos!$B$2:$B$501,"<="&$B$3,Movimentos!$D$2:$D$501,"Saída",Movimentos!$E$2:$E$501,$A22,Movimentos!$H$2:$H$501,"OK")) | D22: =IF($A22="","",$C22-$B22) | E22: =IF(OR($A22="",$B$7="",$B$7<=0),"",$C22/$B$7)
A23: =IF('Configuração'!E9="Saída",'Configuração'!D9,"") | B23: =IF($A23="","",SUMIFS('Orçamento'!$D$2:$D$201,'Orçamento'!$A$2:$A$201,$B$2,'Orçamento'!$B$2:$B$201,"Saída",'Orçamento'!$C$2:$C$201,$A23,'Orçamento'!$F$2:$F$201,"OK")) | C23: =IF($A23="","",SUMIFS(Movimentos!$G$2:$G$501,Movimentos!$B$2:$B$501,">="&$B$2,Movimentos!$B$2:$B$501,"<="&$B$3,Movimentos!$D$2:$D$501,"Saída",Movimentos!$E$2:$E$501,$A23,Movimentos!$H$2:$H$501,"OK")) | D23: =IF($A23="","",$C23-$B23) | E23: =IF(OR($A23="",$B$7="",$B$7<=0),"",$C23/$B$7)
A24: =IF('Configuração'!E10="Saída",'Configuração'!D10,"") | B24: =IF($A24="","",SUMIFS('Orçamento'!$D$2:$D$201,'Orçamento'!$A$2:$A$201,$B$2,'Orçamento'!$B$2:$B$201,"Saída",'Orçamento'!$C$2:$C$201,$A24,'Orçamento'!$F$2:$F$201,"OK")) | C24: =IF($A24="","",SUMIFS(Movimentos!$G$2:$G$501,Movimentos!$B$2:$B$501,">="&$B$2,Movimentos!$B$2:$B$501,"<="&$B$3,Movimentos!$D$2:$D$501,"Saída",Movimentos!$E$2:$E$501,$A24,Movimentos!$H$2:$H$501,"OK")) | D24: =IF($A24="","",$C24-$B24) | E24: =IF(OR($A24="",$B$7="",$B$7<=0),"",$C24/$B$7)
A25: =IF('Configuração'!E11="Saída",'Configuração'!D11,"") | B25: =IF($A25="","",SUMIFS('Orçamento'!$D$2:$D$201,'Orçamento'!$A$2:$A$201,$B$2,'Orçamento'!$B$2:$B$201,"Saída",'Orçamento'!$C$2:$C$201,$A25,'Orçamento'!$F$2:$F$201,"OK")) | C25: =IF($A25="","",SUMIFS(Movimentos!$G$2:$G$501,Movimentos!$B$2:$B$501,">="&$B$2,Movimentos!$B$2:$B$501,"<="&$B$3,Movimentos!$D$2:$D$501,"Saída",Movimentos!$E$2:$E$501,$A25,Movimentos!$H$2:$H$501,"OK")) | D25: =IF($A25="","",$C25-$B25) | E25: =IF(OR($A25="",$B$7="",$B$7<=0),"",$C25/$B$7)
A26: =IF('Configuração'!E12="Saída",'Configuração'!D12,"") | B26: =IF($A26="","",SUMIFS('Orçamento'!$D$2:$D$201,'Orçamento'!$A$2:$A$201,$B$2,'Orçamento'!$B$2:$B$201,"Saída",'Orçamento'!$C$2:$C$201,$A26,'Orçamento'!$F$2:$F$201,"OK")) | C26: =IF($A26="","",SUMIFS(Movimentos!$G$2:$G$501,Movimentos!$B$2:$B$501,">="&$B$2,Movimentos!$B$2:$B$501,"<="&$B$3,Movimentos!$D$2:$D$501,"Saída",Movimentos!$E$2:$E$501,$A26,Movimentos!$H$2:$H$501,"OK")) | D26: =IF($A26="","",$C26-$B26) | E26: =IF(OR($A26="",$B$7="",$B$7<=0),"",$C26/$B$7)
A27: =IF('Configuração'!E13="Saída",'Configuração'!D13,"") | B27: =IF($A27="","",SUMIFS('Orçamento'!$D$2:$D$201,'Orçamento'!$A$2:$A$201,$B$2,'Orçamento'!$B$2:$B$201,"Saída",'Orçamento'!$C$2:$C$201,$A27,'Orçamento'!$F$2:$F$201,"OK")) | C27: =IF($A27="","",SUMIFS(Movimentos!$G$2:$G$501,Movimentos!$B$2:$B$501,">="&$B$2,Movimentos!$B$2:$B$501,"<="&$B$3,Movimentos!$D$2:$D$501,"Saída",Movimentos!$E$2:$E$501,$A27,Movimentos!$H$2:$H$501,"OK")) | D27: =IF($A27="","",$C27-$B27) | E27: =IF(OR($A27="",$B$7="",$B$7<=0),"",$C27/$B$7)
... A33: =IF('Configuração'!E19="Saída",'Configuração'!D19,"") | B33: =IF($A33="","",SUMIFS('Orçamento'!$D$2:$D$201,'Orçamento'!$A$2:$A$201,$B$2,'Orçamento'!$B$2:$B$201,"Saída",'Orçamento'!$C$2:$C$201,$A33,'Orçamento'!$F$2:$F$201,"OK")) | C33: =IF($A33="","",SUMIFS(Movimentos!$G$2:$G$501,Movimentos!$B$2:$B$501,">="&$B$2,Movimentos!$B$2:$B$501,"<="&$B$3,Movimentos!$D$2:$D$501,"Saída",Movimentos!$E$2:$E$501,$A33,Movimentos!$H$2:$H$501,"OK")) | D33: =IF($A33="","",$C33-$B33) | E33: =IF(OR($A33="",$B$7="",$B$7<=0),"",$C33/$B$7)
A34: =IF('Configuração'!E20="Saída",'Configuração'!D20,"") | B34: =IF($A34="","",SUMIFS('Orçamento'!$D$2:$D$201,'Orçamento'!$A$2:$A$201,$B$2,'Orçamento'!$B$2:$B$201,"Saída",'Orçamento'!$C$2:$C$201,$A34,'Orçamento'!$F$2:$F$201,"OK")) | C34: =IF($A34="","",SUMIFS(Movimentos!$G$2:$G$501,Movimentos!$B$2:$B$501,">="&$B$2,Movimentos!$B$2:$B$501,"<="&$B$3,Movimentos!$D$2:$D$501,"Saída",Movimentos!$E$2:$E$501,$A34,Movimentos!$H$2:$H$501,"OK")) | D34: =IF($A34="","",$C34-$B34) | E34: =IF(OR($A34="",$B$7="",$B$7<=0),"",$C34/$B$7) | G34: Categoria | H34: Realizado
A35: =IF('Configuração'!E21="Saída",'Configuração'!D21,"") | B35: =IF($A35="","",SUMIFS('Orçamento'!$D$2:$D$201,'Orçamento'!$A$2:$A$201,$B$2,'Orçamento'!$B$2:$B$201,"Saída",'Orçamento'!$C$2:$C$201,$A35,'Orçamento'!$F$2:$F$201,"OK")) | C35: =IF($A35="","",SUMIFS(Movimentos!$G$2:$G$501,Movimentos!$B$2:$B$501,">="&$B$2,Movimentos!$B$2:$B$501,"<="&$B$3,Movimentos!$D$2:$D$501,"Saída",Movimentos!$E$2:$E$501,$A35,Movimentos!$H$2:$H$501,"OK")) | D35: =IF($A35="","",$C35-$B35) | E35: =IF(OR($A35="",$B$7="",$B$7<=0),"",$C35/$B$7) | G35: =IF($A20="","",$A20) | H35: =IF($A20="","",$C20)
G36: =IF($A21="","",$A21) | H36: =IF($A21="","",$C21)
G37: =IF($A22="","",$A22) | H37: =IF($A22="","",$C22)
G38: =IF($A23="","",$A23) | H38: =IF($A23="","",$C23)

Sheet Movimentos
A1: ID do lançamento | B1: Data | C1: Competência | D1: Tipo | E1: Categoria | F1: Descrição | G1: Valor | H1: Consistência | I1: Observação
A2: FIC-001 | B2: 46267 | C2: =IF(B2="","",IFERROR(DATE(YEAR(B2),MONTH(B2),1),"")) | D2: Entrada | E2: Dízimos e ofertas | F2: Recebimento coletivo fictício A | G2: 6500 | H2: =IF(COUNTA(A2:B2,D2:G2)=0,"",IFERROR(IF(OR(A2="",B2="",C2="",D2="",E2="",G2=""),"Revisar campos/dados",IF(OR(B2<DATE(2020,1,1),B2>'Configuração'!$B$8),"Revisar data",IF(COUNTIF($A$2:$A$501,A2)>1,"Revisar ID duplicado",IF(IFERROR(VLOOKUP(E2,'Configuração'!$D$2:$E$21,2,FALSE),"")<>D2,"Revisar tipo/categoria","OK")))),"Revisar dados"))
A3: FIC-002 | B3: 46268 | C3: =IF(B3="","",IFERROR(DATE(YEAR(B3),MONTH(B3),1),"")) | D3: Entrada | E3: Contribuições para projetos | F3: Entrada fictícia para projeto interno | G3: 2000 | H3: =IF(COUNTA(A3:B3,D3:G3)=0,"",IFERROR(IF(OR(A3="",B3="",C3="",D3="",E3="",G3=""),"Revisar campos/dados",IF(OR(B3<DATE(2020,1,1),B3>'Configuração'!$B$8),"Revisar data",IF(COUNTIF($A$2:$A$501,A3)>1,"Revisar ID duplicado",IF(IFERROR(VLOOKUP(E3,'Configuração'!$D$2:$E$21,2,FALSE),"")<>D3,"Revisar tipo/categoria","OK")))),"Revisar dados"))
A4: FIC-003 | B4: 46269 | C4: =IF(B4="","",IFERROR(DATE(YEAR(B4),MONTH(B4),1),"")) | D4: Saída | E4: Utilidades | F4: Despesa fictícia de utilidades | G4: 1200 | H4: =IF(COUNTA(A4:B4,D4:G4)=0,"",IFERROR(IF(OR(A4="",B4="",C4="",D4="",E4="",G4=""),"Revisar campos/dados",IF(OR(B4<DATE(2020,1,1),B4>'Configuração'!$B$8),"Revisar data",IF(COUNTIF($A$2:$A$501,A4)>1,"Revisar ID duplicado",IF(IFERROR(VLOOKUP(E4,'Configuração'!$D$2:$E$21,2,FALSE),"")<>D4,"Revisar tipo/categoria","OK")))),"Revisar dados"))
A5: FIC-004 | B5: 46270 | C5: =IF(B5="","",IFERROR(DATE(YEAR(B5),MONTH(B5),1),"")) | D5: Saída | E5: Manutenção | F5: Serviço fictício de manutenção | G5: 2300 | H5: =IF(COUNTA(A5:B5,D5:G5)=0,"",IFERROR(IF(OR(A5="",B5="",C5="",D5="",E5="",G5=""),"Revisar campos/dados",IF(OR(B5<DATE(2020,1,1),B5>'Configuração'!$B$8),"Revisar data",IF(COUNTIF($A$2:$A$501,A5)>1,"Revisar ID duplicado",IF(IFERROR(VLOOKUP(E5,'Configuração'!$D$2:$E$21,2,FALSE),"")<>D5,"Revisar tipo/categoria","OK")))),"Revisar dados"))
A6: FIC-005 | B6: 46272 | C6: =IF(B6="","",IFERROR(DATE(YEAR(B6),MONTH(B6),1),"")) | D6: Saída | E6: Ação social | F6: Materiais fictícios para ação social | G6: 1600 | H6: =IF(COUNTA(A6:B6,D6:G6)=0,"",IFERROR(IF(OR(A6="",B6="",C6="",D6="",E6="",G6=""),"Revisar campos/dados",IF(OR(B6<DATE(2020,1,1),B6>'Configuração'!$B$8),"Revisar data",IF(COUNTIF($A$2:$A$501,A6)>1,"Revisar ID duplicado",IF(IFERROR(VLOOKUP(E6,'Configuração'!$D$2:$E$21,2,FALSE),"")<>D6,"Revisar tipo/categoria","OK")))),"Revisar dados"))
A7: FIC-006 | B7: 46274 | C7: =IF(B7="","",IFERROR(DATE(YEAR(B7),MONTH(B7),1),"")) | D7: Saída | E7: Materiais | F7: Compra fictícia de materiais | G7: 900 | H7: =IF(COUNTA(A7:B7,D7:G7)=0,"",IFERROR(IF(OR(A7="",B7="",C7="",D7="",E7="",G7=""),"Revisar campos/dados",IF(OR(B7<DATE(2020,1,1),B7>'Configuração'!$B$8),"Revisar data",IF(COUNTIF($A$2:$A$501,A7)>1,"Revisar ID duplicado",IF(IFERROR(VLOOKUP(E7,'Configuração'!$D$2:$E$21,2,FALSE),"")<>D7,"Revisar tipo/categoria","OK")))),"Revisar dados"))
C8: =IF(B8="","",IFERROR(DATE(YEAR(B8),MONTH(B8),1),"")) | H8: =IF(COUNTA(A8:B8,D8:G8)=0,"",IFERROR(IF(OR(A8="",B8="",C8="",D8="",E8="",G8=""),"Revisar campos/dados",IF(OR(B8<DATE(2020,1,1),B8>'Configuração'!$B$8),"Revisar data",IF(COUNTIF($A$2:$A$501,A8)>1,"Revisar ID duplicado",IF(IFERROR(VLOOKUP(E8,'Configuração'!$D$2:$E$21,2,FALSE),"")<>D8,"Revisar tipo/categoria","OK")))),"Revisar dados"))
C9: =IF(B9="","",IFERROR(DATE(YEAR(B9),MONTH(B9),1),"")) | H9: =IF(COUNTA(A9:B9,D9:G9)=0,"",IFERROR(IF(OR(A9="",B9="",C9="",D9="",E9="",G9=""),"Revisar campos/dados",IF(OR(B9<DATE(2020,1,1),B9>'Configuração'!$B$8),"Revisar data",IF(COUNTIF($A$2:$A$501,A9)>1,"Revisar ID duplicado",IF(IFERROR(VLOOKUP(E9,'Configuração'!$D$2:$E$21,2,FALSE),"")<>D9,"Revisar tipo/categoria","OK")))),"Revisar dados"))
C10: =IF(B10="","",IFERROR(DATE(YEAR(B10),MONTH(B10),1),"")) | H10: =IF(COUNTA(A10:B10,D10:G10)=0,"",IFERROR(IF(OR(A10="",B10="",C10="",D10="",E10="",G10=""),"Revisar campos/dados",IF(OR(B10<DATE(2020,1,1),B10>'Configuração'!$B$8),"Revisar data",IF(COUNTIF($A$2:$A$501,A10)>1,"Revisar ID duplicado",IF(IFERROR(VLOOKUP(E10,'Configuração'!$D$2:$E$21,2,FALSE),"")<>D10,"Revisar tipo/categoria","OK")))),"Revisar dados"))
C11: =IF(B11="","",IFERROR(DATE(YEAR(B11),MONTH(B11),1),"")) | H11: =IF(COUNTA(A11:B11,D11:G11)=0,"",IFERROR(IF(OR(A11="",B11="",C11="",D11="",E11="",G11=""),"Revisar campos/dados",IF(OR(B11<DATE(2020,1,1),B11>'Configuração'!$B$8),"Revisar data",IF(COUNTIF($A$2:$A$501,A11)>1,"Revisar ID duplicado",IF(IFERROR(VLOOKUP(E11,'Configuração'!$D$2:$E$21,2,FALSE),"")<>D11,"Revisar tipo/categoria","OK")))),"Revisar dados"))
C12: =IF(B12="","",IFERROR(DATE(YEAR(B12),MONTH(B12),1),"")) | H12: =IF(COUNTA(A12:B12,D12:G12)=0,"",IFERROR(IF(OR(A12="",B12="",C12="",D12="",E12="",G12=""),"Revisar campos/dados",IF(OR(B12<DATE(2020,1,1),B12>'Configuração'!$B$8),"Revisar data",IF(COUNTIF($A$2:$A$501,A12)>1,"Revisar ID duplicado",IF(IFERROR(VLOOKUP(E12,'Configuração'!$D$2:$E$21,2,FALSE),"")<>D12,"Revisar tipo/categoria","OK")))),"Revisar dados"))
C13: =IF(B13="","",IFERROR(DATE(YEAR(B13),MONTH(B13),1),"")) | H13: =IF(COUNTA(A13:B13,D13:G13)=0,"",IFERROR(IF(OR(A13="",B13="",C13="",D13="",E13="",G13=""),"Revisar campos/dados",IF(OR(B13<DATE(2020,1,1),B13>'Configuração'!$B$8),"Revisar data",IF(COUNTIF($A$2:$A$501,A13)>1,"Revisar ID duplicado",IF(IFERROR(VLOOKUP(E13,'Configuração'!$D$2:$E$21,2,FALSE),"")<>D13,"Revisar tipo/categoria","OK")))),"Revisar dados"))
C14: =IF(B14="","",IFERROR(DATE(YEAR(B14),MONTH(B14),1),"")) | H14: =IF(COUNTA(A14:B14,D14:G14)=0,"",IFERROR(IF(OR(A14="",B14="",C14="",D14="",E14="",G14=""),"Revisar campos/dados",IF(OR(B14<DATE(2020,1,1),B14>'Configuração'!$B$8),"Revisar data",IF(COUNTIF($A$2:$A$501,A14)>1,"Revisar ID duplicado",IF(IFERROR(VLOOKUP(E14,'Configuração'!$D$2:$E$21,2,FALSE),"")<>D14,"Revisar tipo/categoria","OK")))),"Revisar dados"))
C15: =IF(B15="","",IFERROR(DATE(YEAR(B15),MONTH(B15),1),"")) | H15: =IF(COUNTA(A15:B15,D15:G15)=0,"",IFERROR(IF(OR(A15="",B15="",C15="",D15="",E15="",G15=""),"Revisar campos/dados",IF(OR(B15<DATE(2020,1,1),B15>'Configuração'!$B$8),"Revisar data",IF(COUNTIF($A$2:$A$501,A15)>1,"Revisar ID duplicado",IF(IFERROR(VLOOKUP(E15,'Configuração'!$D$2:$E$21,2,FALSE),"")<>D15,"Revisar tipo/categoria","OK")))),"Revisar dados"))
C16: =IF(B16="","",IFERROR(DATE(YEAR(B16),MONTH(B16),1),"")) | H16: =IF(COUNTA(A16:B16,D16:G16)=0,"",IFERROR(IF(OR(A16="",B16="",C16="",D16="",E16="",G16=""),"Revisar campos/dados",IF(OR(B16<DATE(2020,1,1),B16>'Configuração'!$B$8),"Revisar data",IF(COUNTIF($A$2:$A$501,A16)>1,"Revisar ID duplicado",IF(IFERROR(VLOOKUP(E16,'Configuração'!$D$2:$E$21,2,FALSE),"")<>D16,"Revisar tipo/categoria","OK")))),"Revisar dados"))
C17: =IF(B17="","",IFERROR(DATE(YEAR(B17),MONTH(B17),1),"")) | H17: =IF(COUNTA(A17:B17,D17:G17)=0,"",IFERROR(IF(OR(A17="",B17="",C17="",D17="",E17="",G17=""),"Revisar campos/dados",IF(OR(B17<DATE(2020,1,1),B17>'Configuração'!$B$8),"Revisar data",IF(COUNTIF($A$2:$A$501,A17)>1,"Revisar ID duplicado",IF(IFERROR(VLOOKUP(E17,'Configuração'!$D$2:$E$21,2,FALSE),"")<>D17,"Revisar tipo/categoria","OK")))),"Revisar dados"))
C18: =IF(B18="","",IFERROR(DATE(YEAR(B18),MONTH(B18),1),"")) | H18: =IF(COUNTA(A18:B18,D18:G18)=0,"",IFERROR(IF(OR(A18="",B18="",C18="",D18="",E18="",G18=""),"Revisar campos/dados",IF(OR(B18<DATE(2020,1,1),B18>'Configuração'!$B$8),"Revisar data",IF(COUNTIF($A$2:$A$501,A18)>1,"Revisar ID duplicado",IF(IFERROR(VLOOKUP(E18,'Configuração'!$D$2:$E$21,2,FALSE),"")<>D18,"Revisar tipo/categoria","OK")))),"Revisar dados"))
C19: =IF(B19="","",IFERROR(DATE(YEAR(B19),MONTH(B19),1),"")) | H19: =IF(COUNTA(A19:B19,D19:G19)=0,"",IFERROR(IF(OR(A19="",B19="",C19="",D19="",E19="",G19=""),"Revisar campos/dados",IF(OR(B19<DATE(2020,1,1),B19>'Configuração'!$B$8),"Revisar data",IF(COUNTIF($A$2:$A$501,A19)>1,"Revisar ID duplicado",IF(IFERROR(VLOOKUP(E19,'Configuração'!$D$2:$E$21,2,FALSE),"")<>D19,"Revisar tipo/categoria","OK")))),"Revisar dados"))
... C501: =IF(B501="","",IFERROR(DATE(YEAR(B501),MONTH(B501),1),"")) | H501: =IF(COUNTA(A501:B501,D501:G501)=0,"",IFERROR(IF(OR(A501="",B501="",C501="",D501="",E501="",G501=""),"Revisar campos/dados",IF(OR(B501<DATE(2020,1,1),B501>'Configuração'!$B$8),"Revisar data",IF(COUNTIF($A$2:$A$501,A501)>1,"Revisar ID duplicado",IF(IFERROR(VLOOKUP(E501,'Configuração'!$D$2:$E$21,2,FALSE),"")<>D501,"Revisar tipo/categoria","OK")))),"Revisar dados"))

Sheet Orçamento
A1: Competência | B1: Tipo | C1: Categoria | D1: Valor orçado | E1: Observação | F1: Consistência
A2: 46266 | B2: Entrada | C2: Dízimos e ofertas | D2: 7000 | E2: Exemplo fictício | F2: =IF(COUNTA(A2:E2)=0,"",IFERROR(IF(OR(A2="",B2="",C2="",D2=""),"Revisar campos/dados",IF(OR(DAY(A2)<>1,A2<DATE(2020,1,1),A2>DATE(2035,12,1)),"Revisar competência",IF(COUNTIFS($A$2:$A$201,A2,$B$2:$B$201,B2,$C$2:$C$201,C2)>1,"Revisar duplicidade",IF(IFERROR(VLOOKUP(C2,'Configuração'!$D$2:$E$21,2,FALSE),"")<>B2,"Revisar tipo/categoria","OK")))),"Revisar dados"))
A3: 46266 | B3: Entrada | C3: Contribuições para projetos | D3: 2500 | E3: Exemplo fictício | F3: =IF(COUNTA(A3:E3)=0,"",IFERROR(IF(OR(A3="",B3="",C3="",D3=""),"Revisar campos/dados",IF(OR(DAY(A3)<>1,A3<DATE(2020,1,1),A3>DATE(2035,12,1)),"Revisar competência",IF(COUNTIFS($A$2:$A$201,A3,$B$2:$B$201,B3,$C$2:$C$201,C3)>1,"Revisar duplicidade",IF(IFERROR(VLOOKUP(C3,'Configuração'!$D$2:$E$21,2,FALSE),"")<>B3,"Revisar tipo/categoria","OK")))),"Revisar dados"))
A4: 46266 | B4: Saída | C4: Utilidades | D4: 1100 | E4: Exemplo fictício | F4: =IF(COUNTA(A4:E4)=0,"",IFERROR(IF(OR(A4="",B4="",C4="",D4=""),"Revisar campos/dados",IF(OR(DAY(A4)<>1,A4<DATE(2020,1,1),A4>DATE(2035,12,1)),"Revisar competência",IF(COUNTIFS($A$2:$A$201,A4,$B$2:$B$201,B4,$C$2:$C$201,C4)>1,"Revisar duplicidade",IF(IFERROR(VLOOKUP(C4,'Configuração'!$D$2:$E$21,2,FALSE),"")<>B4,"Revisar tipo/categoria","OK")))),"Revisar dados"))
A5: 46266 | B5: Saída | C5: Manutenção | D5: 2000 | E5: Exemplo fictício | F5: =IF(COUNTA(A5:E5)=0,"",IFERROR(IF(OR(A5="",B5="",C5="",D5=""),"Revisar campos/dados",IF(OR(DAY(A5)<>1,A5<DATE(2020,1,1),A5>DATE(2035,12,1)),"Revisar competência",IF(COUNTIFS($A$2:$A$201,A5,$B$2:$B$201,B5,$C$2:$C$201,C5)>1,"Revisar duplicidade",IF(IFERROR(VLOOKUP(C5,'Configuração'!$D$2:$E$21,2,FALSE),"")<>B5,"Revisar tipo/categoria","OK")))),"Revisar dados"))
F6: =IF(COUNTA(A6:E6)=0,"",IFERROR(IF(OR(A6="",B6="",C6="",D6=""),"Revisar campos/dados",IF(OR(DAY(A6)<>1,A6<DATE(2020,1,1),A6>DATE(2035,12,1)),"Revisar competência",IF(COUNTIFS($A$2:$A$201,A6,$B$2:$B$201,B6,$C$2:$C$201,C6)>1,"Revisar duplicidade",IF(IFERROR(VLOOKUP(C6,'Configuração'!$D$2:$E$21,2,FALSE),"")<>B6,"Revisar tipo/categoria","OK")))),"Revisar dados"))
F7: =IF(COUNTA(A7:E7)=0,"",IFERROR(IF(OR(A7="",B7="",C7="",D7=""),"Revisar campos/dados",IF(OR(DAY(A7)<>1,A7<DATE(2020,1,1),A7>DATE(2035,12,1)),"Revisar competência",IF(COUNTIFS($A$2:$A$201,A7,$B$2:$B$201,B7,$C$2:$C$201,C7)>1,"Revisar duplicidade",IF(IFERROR(VLOOKUP(C7,'Configuração'!$D$2:$E$21,2,FALSE),"")<>B7,"Revisar tipo/categoria","OK")))),"Revisar dados"))
F8: =IF(COUNTA(A8:E8)=0,"",IFERROR(IF(OR(A8="",B8="",C8="",D8=""),"Revisar campos/dados",IF(OR(DAY(A8)<>1,A8<DATE(2020,1,1),A8>DATE(2035,12,1)),"Revisar competência",IF(COUNTIFS($A$2:$A$201,A8,$B$2:$B$201,B8,$C$2:$C$201,C8)>1,"Revisar duplicidade",IF(IFERROR(VLOOKUP(C8,'Configuração'!$D$2:$E$21,2,FALSE),"")<>B8,"Revisar tipo/categoria","OK")))),"Revisar dados"))
F9: =IF(COUNTA(A9:E9)=0,"",IFERROR(IF(OR(A9="",B9="",C9="",D9=""),"Revisar campos/dados",IF(OR(DAY(A9)<>1,A9<DATE(2020,1,1),A9>DATE(2035,12,1)),"Revisar competência",IF(COUNTIFS($A$2:$A$201,A9,$B$2:$B$201,B9,$C$2:$C$201,C9)>1,"Revisar duplicidade",IF(IFERROR(VLOOKUP(C9,'Configuração'!$D$2:$E$21,2,FALSE),"")<>B9,"Revisar tipo/categoria","OK")))),"Revisar dados"))
F10: =IF(COUNTA(A10:E10)=0,"",IFERROR(IF(OR(A10="",B10="",C10="",D10=""),"Revisar campos/dados",IF(OR(DAY(A10)<>1,A10<DATE(2020,1,1),A10>DATE(2035,12,1)),"Revisar competência",IF(COUNTIFS($A$2:$A$201,A10,$B$2:$B$201,B10,$C$2:$C$201,C10)>1,"Revisar duplicidade",IF(IFERROR(VLOOKUP(C10,'Configuração'!$D$2:$E$21,2,FALSE),"")<>B10,"Revisar tipo/categoria","OK")))),"Revisar dados"))
F11: =IF(COUNTA(A11:E11)=0,"",IFERROR(IF(OR(A11="",B11="",C11="",D11=""),"Revisar campos/dados",IF(OR(DAY(A11)<>1,A11<DATE(2020,1,1),A11>DATE(2035,12,1)),"Revisar competência",IF(COUNTIFS($A$2:$A$201,A11,$B$2:$B$201,B11,$C$2:$C$201,C11)>1,"Revisar duplicidade",IF(IFERROR(VLOOKUP(C11,'Configuração'!$D$2:$E$21,2,FALSE),"")<>B11,"Revisar tipo/categoria","OK")))),"Revisar dados"))
F12: =IF(COUNTA(A12:E12)=0,"",IFERROR(IF(OR(A12="",B12="",C12="",D12=""),"Revisar campos/dados",IF(OR(DAY(A12)<>1,A12<DATE(2020,1,1),A12>DATE(2035,12,1)),"Revisar competência",IF(COUNTIFS($A$2:$A$201,A12,$B$2:$B$201,B12,$C$2:$C$201,C12)>1,"Revisar duplicidade",IF(IFERROR(VLOOKUP(C12,'Configuração'!$D$2:$E$21,2,FALSE),"")<>B12,"Revisar tipo/categoria","OK")))),"Revisar dados"))
F13: =IF(COUNTA(A13:E13)=0,"",IFERROR(IF(OR(A13="",B13="",C13="",D13=""),"Revisar campos/dados",IF(OR(DAY(A13)<>1,A13<DATE(2020,1,1),A13>DATE(2035,12,1)),"Revisar competência",IF(COUNTIFS($A$2:$A$201,A13,$B$2:$B$201,B13,$C$2:$C$201,C13)>1,"Revisar duplicidade",IF(IFERROR(VLOOKUP(C13,'Configuração'!$D$2:$E$21,2,FALSE),"")<>B13,"Revisar tipo/categoria","OK")))),"Revisar dados"))
F14: =IF(COUNTA(A14:E14)=0,"",IFERROR(IF(OR(A14="",B14="",C14="",D14=""),"Revisar campos/dados",IF(OR(DAY(A14)<>1,A14<DATE(2020,1,1),A14>DATE(2035,12,1)),"Revisar competência",IF(COUNTIFS($A$2:$A$201,A14,$B$2:$B$201,B14,$C$2:$C$201,C14)>1,"Revisar duplicidade",IF(IFERROR(VLOOKUP(C14,'Configuração'!$D$2:$E$21,2,FALSE),"")<>B14,"Revisar tipo/categoria","OK")))),"Revisar dados"))
F15: =IF(COUNTA(A15:E15)=0,"",IFERROR(IF(OR(A15="",B15="",C15="",D15=""),"Revisar campos/dados",IF(OR(DAY(A15)<>1,A15<DATE(2020,1,1),A15>DATE(2035,12,1)),"Revisar competência",IF(COUNTIFS($A$2:$A$201,A15,$B$2:$B$201,B15,$C$2:$C$201,C15)>1,"Revisar duplicidade",IF(IFERROR(VLOOKUP(C15,'Configuração'!$D$2:$E$21,2,FALSE),"")<>B15,"Revisar tipo/categoria","OK")))),"Revisar dados"))
F16: =IF(COUNTA(A16:E16)=0,"",IFERROR(IF(OR(A16="",B16="",C16="",D16=""),"Revisar campos/dados",IF(OR(DAY(A16)<>1,A16<DATE(2020,1,1),A16>DATE(2035,12,1)),"Revisar competência",IF(COUNTIFS($A$2:$A$201,A16,$B$2:$B$201,B16,$C$2:$C$201,C16)>1,"Revisar duplicidade",IF(IFERROR(VLOOKUP(C16,'Configuração'!$D$2:$E$21,2,FALSE),"")<>B16,"Revisar tipo/categoria","OK")))),"Revisar dados"))
F17: =IF(COUNTA(A17:E17)=0,"",IFERROR(IF(OR(A17="",B17="",C17="",D17=""),"Revisar campos/dados",IF(OR(DAY(A17)<>1,A17<DATE(2020,1,1),A17>DATE(2035,12,1)),"Revisar competência",IF(COUNTIFS($A$2:$A$201,A17,$B$2:$B$201,B17,$C$2:$C$201,C17)>1,"Revisar duplicidade",IF(IFERROR(VLOOKUP(C17,'Configuração'!$D$2:$E$21,2,FALSE),"")<>B17,"Revisar tipo/categoria","OK")))),"Revisar dados"))
... F201: =IF(COUNTA(A201:E201)=0,"",IFERROR(IF(OR(A201="",B201="",C201="",D201=""),"Revisar campos/dados",IF(OR(DAY(A201)<>1,A201<DATE(2020,1,1),A201>DATE(2035,12,1)),"Revisar competência",IF(COUNTIFS($A$2:$A$201,A201,$B$2:$B$201,B201,$C$2:$C$201,C201)>1,"Revisar duplicidade",IF(IFERROR(VLOOKUP(C201,'Configuração'!$D$2:$E$21,2,FALSE),"")<>B201,"Revisar tipo/categoria","OK")))),"Revisar dados"))

Sheet Configuração
A1: Premissa editável | B1: Valor | D1: Categoria | E1: Tipo correspondente | G1: Tipos permitidos
A2: Competência analisada | B2: 46266 | D2: Dízimos e ofertas | E2: Entrada | G2: Entrada
A3: Data de corte | B3: 46276 | D3: Contribuições para projetos | E3: Entrada | G3: Saída
A4: Saldo disponível antes da competência | B4: 8000 | D4: Receitas de eventos | E4: Entrada
A5: Reserva mínima desejada | B5: 5000 | D5: Outras entradas | E5: Entrada
A6: Limite de concentração por categoria | B6: 0.4 | D6: Utilidades | E6: Saída
A7: Tolerância de estouro do orçamento de saídas | B7: 0.1 | D7: Manutenção | E7: Saída
A8: Data de referência | B8: 46276 | D8: Ação social | E8: Saída
D9: Materiais | E9: Saída
D10: Despesas de eventos | E10: Saída
D11: Serviços administrativos | E11: Saída
D12: Missões | E12: Saída
D13: Outras saídas | E13: Saída
